Phantoms vs Bears

Created - Monday, November 09, 2015 at 02:55

Goals
1 2 3 T
Phantoms 0 1 1 2
Bears 0 1 0 1
Shots
1 2 3 T
Phantoms 2 8 19 29
Bears 8 10 8 26

1st period

No Goal

Penalties :
Justin Florek (Her) for Fighting (Major) at 1:05, Chris Neil (LEH) for Fighting (Major) at 1:05, Keegan Lowe (LEH) for Tripping (Minor) at 8:42

2nd period

1. Bears , Jeremy Langlois 2 (Kyle Cumiskey, Brett Sutter) at 3:11 (PP)
2. Phantoms , Bryan Allen 1 (Chris Langkow) at 6:40

Penalties :
Justin Florek (Her) for Fighting (Major) at 1:22, Mark Louis (LEH) for Fighting (Major) at 1:22, Greg Zanon (LEH) for Interference (Minor) at 2:27, Maxime Macenauer (Her) for Holding (Minor) at 4:00, Cody Bass (LEH) for Interference (Minor) at 14:44, Brett Sutter (Her) for Holding (Minor) at 19:44

3rd period

3. Phantoms , Chris Neil 3 (Byron Froese, Marek Mazanec) at 5:41 (PP)

Penalties :
Brett Sutter (Her) for Fighting (Major) at 3:46, Tom Sestito (LEH) for Fighting (Major) at 3:46, Stefan Matteau (Her) for Fighting (Major) at 4:04, Deryk Engelland (LEH) for Fighting (Major) at 4:04, Maxim Noreau (Her) for Tripping (Minor) at 4:20, Steve Oleksy (Her) for Hooking (Minor) at 6:40, Mitch Moroz (LEH) for Diving (Minor) at 13:40, Ludwig Bystrom (Her) for Fighting (Major) at 16:54, Tom Sestito (LEH) for Fighting (Major) at 16:54

Goalie Stats

Marek Mazanec (LEH), 25 saves from 26 shots - (0.962), W, 7-7-2, 60:00 minutes
John Gibson (Her), 27 saves from 29 shots - (0.931), L, 2-7-2, 60:00 minutes

Players Stats for Phantoms

Player Name              G  A  P  +/- PIM S  H  SB GA TA FO     MP     PP MP  PK MP  
------------------------------------------------------------------------------------
Ben Street               0  0  0   0  0   3  2  1  1  0  9/18   18:32   3:54   1:04 
Brian Strait             0  0  0   0  0   4  4  2  1  1  0/0    27:09   4:36   3:40 
Bryan Allen              1  0  1   1  0   7  0  0  1  2  0/0    28:49   4:36   3:40 
Bryan Lerg               0  0  0   0  0   3  1  1  0  0  2/7    13:27   0:13   0:00 
Byron Froese             0  1  1   0  0   1  0  0  2  1  4/8    14:13   3:24   0:00 
Chris Langkow            0  1  1   1  0   0  0  0  0  0  3/5    11:00   0:00   1:55 
Chris Neil               1  0  1   0  5   3  4  0  1  1  0/1    17:47   3:24   4:38 
Cody Bass                0  0  0   1  2   1  3  1  0  1  0/0     9:16   0:00   0:00 
Deryk Engelland          0  0  0   0  5   2  2  1  4  1  0/1    20:40   2:09   3:01 
Dmitrij Jaskin           0  0  0   0  0   2  1  0  4  1  3/7    21:06   3:54   4:27 
Garrett Wilson           0  0  0   0  0   0  3  0  0  1  0/1    16:06   3:24   1:04 
Greg Zanon               0  0  0   0  2   0  0  1  0  0  0/0    21:05   2:42   3:01 
Keegan Lowe              0  0  0   1  2   0  0  0  1  0  0/0    12:40   0:00   0:00 
Mark Louis               0  0  0   0  5   0  3  1  0  0  0/0    11:34   0:00   0:00 
Martin Gernat            0  0  0   0  0   2  0  0  0  2  0/0    18:41   2:42   0:00 
Mitch Moroz              0  0  0   1  2   0  1  0  0  0  0/0     9:04   0:00   0:00 
Nathan Longpre           0  0  0   0  0   1  0  0  0  0  0/2     9:47   1:32   0:00 
Tom Sestito              0  0  0   0  10  0  1  0  1  1  0/1    12:14   0:00   0:14 

Players Stats for Bears

Player Name              G  A  P  +/- PIM S  H  SB GA TA FO     MP     PP MP  PK MP  
------------------------------------------------------------------------------------
Andreas Athanasiou       0  0  0   0  0   1  0  0  4  2  0/0    16:23   0:00   3:11 
Ben Youds                0  0  0   0  0   3  1  1  0  2  0/0    21:27   2:35   2:54 
Brad Mills               0  0  0   0  0   0  0  1  0  0  1/1     1:55   0:00   0:00 
Brett Sutter             0  1  1  -1  7   0  3  0  2  0  6/8    19:25   3:03   0:00 
Chad LaRose              0  0  0   0  0   1  0  1  0  1  4/8    22:40   3:24   5:45 
David Dziurzynski        0  0  0   0  0   0  0  0  0  0  0/0     0:00   0:00   0:00 
FARM PLAYER12            0  0  0  -1  0   0  1  0  0  0  0/0    16:00   0:00   3:01 
Jeremy Langlois          1  0  1  -1  0   8  3  1  1  1  0/0    12:52   3:17   0:00 
Justin Florek            0  0  0  -1  10  3  0  1  2  1  0/1    16:49   2:59   0:21 
Kevin Henderson          0  0  0   0  0   1  2  0  1  0  1/1    14:04   0:00   1:13 
Kyle Cumiskey            0  1  1   0  0   0  0  2  0  0  0/0    26:28   4:06   4:24 
Ludwig Bystrom           0  0  0  -1  5   1  1  1  1  0  0/0    12:04   0:00   0:00 
Luke Adam                0  0  0   0  0   4  1  0  3  1  9/15   16:44   3:24   0:00 
Maxim Noreau             0  0  0   0  2   0  1  7  1  1  0/0    25:28   4:06   3:25 
Maxime Macenauer         0  0  0   0  2   1  0  0  2  0  3/7    12:11   0:00   0:00 
Stefan Matteau           0  0  0   0  5   1  3  0  1  0  1/2    22:07   3:24   2:54 
Steve Oleksy             0  0  0   0  2   0  3  0  1  1  0/0    20:38   2:35   2:04 
Tyler Brown              0  0  0   0  0   2  1  1  0  0  5/8    15:18   0:32   0:00 

3 Stars

1 - Marek Mazanec (LEH)
2 - Bryan Allen (LEH)
3 - Jeremy Langlois (Her)

Power Play

Phantoms - 1 on 4 Attempt(s) - 25.00%
Bears - 1 on 4 Attempt(s) - 25.00%

Penalty Kill

Phantoms - 3 on 4 Attempt(s) - 75.00% - Score 0 goal in Penalty Kill
Bears - 3 on 4 Attempt(s) - 75.00% - Score 0 goal in Penalty Kill

Team Stat

Phantoms - Hits : 25 - Faceoff Wins : 21 - Blocked Shots : 8 - Penalty Minutes : 33
Bears - Hits : 20 - Faceoff Wins : 30 - Blocked Shots : 16 - Penalty Minutes : 33

Official

Referees : Unknown
Linesman : Unknown

Game Notes

Chris Neil beats up Justin Florek at 1:05 of 1st period
Justin Florek and Mark Louis fight to a draw at 1:22 of 2nd period
Tom Sestito beats up Brett Sutter at 3:46 of 3rd period
Deryk Engelland beats up Stefan Matteau at 4:04 of 3rd period
Tom Sestito beats up Ludwig Bystrom at 16:54 of 3rd period

Finance

Level 1 -- Attendance: 1351 (67.55%) -- Ticket Income $47,285
Level 2 -- Attendance: 722 (72.20%) -- Ticket Income $10,830
Total Attendance: 2073 (69.10%)
Total Ticket Income: $58,115
Other Income: $28,476
Total Income: $86,591

Phantoms

5 vs 5 Forward 
   Center                   Left Wing                Right Wing               Time % Phy DF OF 
 1 Ben Street               Dmitrij Jaskin           Deryk Engelland          35     1   2  2  
 2 Byron Froese             Garrett Wilson           Chris Neil               30     1   2  2  
 3 Bryan Lerg               Tom Sestito              Mark Louis               22     1   2  2  
 4 Chris Langkow            Mitch Moroz              Cody Bass                13     1   2  2  

5 vs 5 Defense 
   Defense                  Defense                                           Time % Phy DF OF 
 1 Bryan Allen              Brian Strait                                      35     1   2  2  
 2 Greg Zanon               Martin Gernat                                     30     1   2  2  
 3 Keegan Lowe              Bryan Allen                                       22     1   2  2  
 4 Brian Strait             Deryk Engelland                                   13     1   2  2  

PowerPlay Forward 
   Center                   Left Wing                Right Wing               Time % Phy DF OF 
 1 Ben Street               Dmitrij Jaskin           Deryk Engelland          60     1   2  2  
 2 Byron Froese             Garrett Wilson           Chris Neil               40     1   2  2  

PowerPlay Defense
   Defense                  Defense                                           Time % Phy DF OF 
 1 Bryan Allen              Brian Strait                                      60     1   2  2  
 2 Greg Zanon               Martin Gernat                                     40     1   2  2  

Penalty Kill 4 Players Forward 
   Center                   Wing                     Time % Phy DF OF 
 1 Dmitrij Jaskin           Chris Neil               60     1   2  2  
 2 Ben Street               Garrett Wilson           40     1   2  2  

Penalty Kill 4 Players Defense
   Defense                  Defense                  Time % Phy DF OF 
 1 Bryan Allen              Brian Strait             60     1   2  2  
 2 Deryk Engelland          Greg Zanon               40     1   2  2  

Penalty Kill - 3 Players Forward 
   Forward                                           Time % Phy DF OF 
 1 Dmitrij Jaskin                                    60     1   2  2  
 2 Chris Neil                                        40     1   2  2  

Penalty Kill - 3 Players Defense
   Defense                  Defense                  Time % Phy DF OF 
 1 Bryan Allen              Brian Strait             60     1   2  2  
 2 Deryk Engelland          Greg Zanon               40     1   2  2  

4 vs 4 Forward 
   Center                   Wing                     Time % Phy DF OF 
 1 Dmitrij Jaskin           Chris Neil               60     1   2  2  
 2 Ben Street               Garrett Wilson           40     1   2  2  

4 vs 4 Defense
   Defense                  Defense                  Time % Phy DF OF 
 1 Bryan Allen              Brian Strait             60     1   2  2  
 2 Deryk Engelland          Greg Zanon               40     1   2  2  

Last Minutes Offensive
   Center                   Left Wing                Right Wing               Defense                  Defense                  
   Ben Street               Dmitrij Jaskin           Deryk Engelland          Bryan Allen              Brian Strait             

Last Minutes Defensive
   Center                   Left Wing                Right Wing               Defense                  Defense                  
   Ben Street               Dmitrij Jaskin           Deryk Engelland          Bryan Allen              Brian Strait             

Goaltenders
Starting : Marek Mazanec            
Backup : Laurent Brossoit         

Extra Forwards
Normal : Nathan Longpre, Bryan Lerg, Chris Langkow - PP : Nathan Longpre, Bryan Lerg - PK : Chris Langkow
Extra Defensemen
Normal : Keegan Lowe, Martin Gernat, Greg Zanon - PP : Keegan Lowe - PK : Martin Gernat, Greg Zanon
Penalty Shots
Deryk Engelland, Dmitrij Jaskin, Chris Neil, Ben Street, Garrett Wilson

Bears

5 vs 5 Forward 
   Center                   Left Wing                Right Wing               Time % Phy DF OF 
 1 Luke Adam                Stefan Matteau           Chad LaRose              35     1   2  2  
 2 Brett Sutter             Justin Florek            Jeremy Langlois          30     1   2  2  
 3 Tyler Brown              Andreas Athanasiou       Brett Sutter             22     1   2  2  
 4 Maxime Macenauer         Kevin Henderson          Justin Florek            13     1   2  2  

5 vs 5 Defense 
   Defense                  Defense                                           Time % Phy DF OF 
 1 Maxim Noreau             Kyle Cumiskey                                     35     1   2  2  
 2 Ben Youds                Steve Oleksy                                      30     1   2  2  
 3 Ludwig Bystrom           FARM PLAYER12                                     22     1   2  2  
 4 Maxim Noreau             Kyle Cumiskey                                     13     1   2  2  

PowerPlay Forward 
   Center                   Left Wing                Right Wing               Time % Phy DF OF 
 1 Luke Adam                Stefan Matteau           Chad LaRose              60     1   2  2  
 2 Brett Sutter             Justin Florek            Jeremy Langlois          40     1   2  2  

PowerPlay Defense
   Defense                  Defense                                           Time % Phy DF OF 
 1 Maxim Noreau             Kyle Cumiskey                                     60     1   2  2  
 2 Ben Youds                Steve Oleksy                                      40     1   2  2  

Penalty Kill 4 Players Forward 
   Center                   Wing                     Time % Phy DF OF 
 1 Chad LaRose              Stefan Matteau           60     1   2  2  
 2 Brett Sutter             Justin Florek            40     1   2  2  

Penalty Kill 4 Players Defense
   Defense                  Defense                  Time % Phy DF OF 
 1 Maxim Noreau             Kyle Cumiskey            60     1   2  2  
 2 Ben Youds                Steve Oleksy             40     1   2  2  

Penalty Kill - 3 Players Forward 
   Forward                                           Time % Phy DF OF 
 1 Brett Sutter                                      60     1   2  2  
 2 Stefan Matteau                                    40     1   2  2  

Penalty Kill - 3 Players Defense
   Defense                  Defense                  Time % Phy DF OF 
 1 Maxim Noreau             Kyle Cumiskey            60     1   2  2  
 2 Ben Youds                Steve Oleksy             40     1   2  2  

4 vs 4 Forward 
   Center                   Wing                     Time % Phy DF OF 
 1 Chad LaRose              Stefan Matteau           60     1   2  2  
 2 Brett Sutter             Justin Florek            40     1   2  2  

4 vs 4 Defense
   Defense                  Defense                  Time % Phy DF OF 
 1 Maxim Noreau             Kyle Cumiskey            60     1   2  2  
 2 Ben Youds                Steve Oleksy             40     1   2  2  

Last Minutes Offensive
   Center                   Left Wing                Right Wing               Defense                  Defense                  
   Luke Adam                Stefan Matteau           Chad LaRose              Maxim Noreau             Kyle Cumiskey            

Last Minutes Defensive
   Center                   Left Wing                Right Wing               Defense                  Defense                  
   Luke Adam                Stefan Matteau           Chad LaRose              Maxim Noreau             Kyle Cumiskey            

Goaltenders
Starting : John Gibson              
Backup : FARM GOALIE1             

Extra Forwards
Normal : Stefan Matteau, Tyler Brown, Andreas Athanasiou - PP : Stefan Matteau, Tyler Brown - PK : Andreas Athanasiou
Extra Defensemen
Normal : Ludwig Bystrom, FARM PLAYER12, Ben Youds - PP : Ludwig Bystrom - PK : FARM PLAYER12, Ben Youds
Penalty Shots
Andreas Athanasiou, Stefan Matteau, Brett Sutter, Justin Florek, Chad LaRose

% Time on Ice - Phantoms

Lines # - Real PCT - Wanted PCT - Time Play
Normal Forward
1 - 27% - 35% - 12:08
2 - 26% - 30% - 11:38
3 - 28% - 22% - 12:33
4 - 19% - 13% - 8:42
Normal Defense
1 - 24% - 35% - 10:36
2 - 35% - 30% - 15:53
3 - 25% - 22% - 11:15
4 - 16% - 13% - 7:17
PP Forward
1 - 53% - 60% - 3:54
2 - 47% - 40% - 3:24
PP Defense
1 - 63% - 60% - 4:36
2 - 37% - 40% - 2:42
PK Forward
1 - 84% - 60% - 5:37
2 - 16% - 40% - 1:04
PK Defense
1 - 55% - 60% - 3:40
2 - 45% - 40% - 3:01
PK3 Forward
1 - 0% - 60%
2 - 0% - 40%
PK3 Defense
1 - 0% - 60%
2 - 0% - 40%
44 Forward
1 - 0% - 60%
2 - 0% - 40%
44 Defense
1 - 0% - 60%
2 - 0% - 40%
Last Minute Offensive  - 0:00
Last Minute Defensive  - 1:00
Total
Forward - 60:00
Defense - 60:00

% Time on Ice - Bears

Lines # - Real PCT - Wanted PCT - Time Play
Normal Forward
1 - 29% - 35% - 13:02
2 - 21% - 30% - 9:35
3 - 24% - 22% - 10:51
4 - 26% - 13% - 11:33
Normal Defense
1 - 31% - 35% - 13:44
2 - 35% - 30% - 15:58
3 - 27% - 22% - 12:05
4 - 7% - 13% - 3:14
PP Forward
1 - 51% - 60% - 3:24
2 - 49% - 40% - 3:17
PP Defense
1 - 61% - 60% - 4:06
2 - 39% - 40% - 2:35
PK Forward
1 - 95% - 60% - 6:57
2 - 5% - 40% - 0:21
PK Defense
1 - 60% - 60% - 4:24
2 - 40% - 40% - 2:54
PK3 Forward
1 - 0% - 60%
2 - 0% - 40%
PK3 Defense
1 - 0% - 60%
2 - 0% - 40%
44 Forward
1 - 0% - 60%
2 - 0% - 40%
44 Defense
1 - 0% - 60%
2 - 0% - 40%
Last Minute Offensive  - 1:00
Last Minute Defensive  - 0:00
Total
Forward - 60:00
Defense - 60:00

Play by Play

1st period


0:01 of 1st period - Luke Adam wins face-off versus Ben Street in neutral zone.
1:03 of 1st period - Greg Zanon is hit by Jeremy Langlois and loses puck.
1:05 of 1st period - Chris Neil beats up Justin Florek.
1:05 of 1st period - Penalty to Justin Florek for Fighting.
1:05 of 1st period - Penalty to Chris Neil for Fighting.
1:06 of 1st period - Tyler Brown wins face-off versus Bryan Lerg in Phantoms zone.
1:09 of 1st period - Snap shot by Tyler Brown.
1:09 of 1st period - Shot Misses the Net.
1:39 of 1st period - Snap shot by Andreas Athanasiou.
1:39 of 1st period - Shot Misses the Net.
1:41 of 1st period - Snap shot by Andreas Athanasiou.
1:41 of 1st period - Deflect By Bryan Allen.
1:41 of 1st period - Stopped by Marek Mazanec with a rebound.
2:08 of 1st period - Wrist shot by Garrett Wilson.
2:08 of 1st period - Shot Misses the Net.
2:10 of 1st period - Slapshot by Greg Zanon.
2:10 of 1st period - Shot Misses the Net.
2:22 of 1st period - Garrett Wilson is hit by Kevin Henderson and loses puck.
2:51 of 1st period - Mitch Moroz is hit by Jeremy Langlois and loses puck.
3:04 of 1st period - Ludwig Bystrom is hit by Cody Bass and loses puck.
3:25 of 1st period - Luke Adam is hit by Deryk Engelland and loses puck.
3:30 of 1st period - Snap shot by Dmitrij Jaskin.
3:30 of 1st period - Deflect By Deryk Engelland.
3:30 of 1st period - Shot Blocked by Ludwig Bystrom.
3:30 of 1st period - Puck is out of play.
3:31 of 1st period - Luke Adam wins face-off versus Ben Street in Bears zone.
3:49 of 1st period - Off-side.
3:50 of 1st period - Kevin Henderson wins face-off versus Bryan Lerg in neutral zone.
3:59 of 1st period - Wrist shot by Kevin Henderson.
3:59 of 1st period - Shot Misses the Net.
4:44 of 1st period - Byron Froese is hit by Jeremy Langlois and loses puck.
6:09 of 1st period - Slapshot by Jeremy Langlois.
6:09 of 1st period - Deflect By Brian Strait.
6:09 of 1st period - Shot Blocked by Cody Bass.
6:09 of 1st period - Puck is out of play.
6:10 of 1st period - Brett Sutter wins face-off versus Byron Froese in Phantoms zone.
6:26 of 1st period - Off-side.
6:27 of 1st period - Byron Froese wins face-off versus Luke Adam in neutral zone.
7:00 of 1st period - Justin Florek is hit by Cody Bass and loses puck.
7:05 of 1st period - Wrist shot by Cody Bass.
7:05 of 1st period - Stopped by John Gibson with a rebound.
8:04 of 1st period - Snap shot by Luke Adam.
8:04 of 1st period - Stopped by Marek Mazanec with a rebound.
8:06 of 1st period - Slapshot by Ben Youds.
8:06 of 1st period - Stopped by Marek Mazanec with a rebound.
8:08 of 1st period - Snap shot by Chad LaRose.
8:08 of 1st period - Shot Blocked by Deryk Engelland.
8:10 of 1st period - Wrist shot by Chad LaRose.
8:10 of 1st period - Shot Misses the Net.
8:42 of 1st period - Minor Penalty to Keegan Lowe for Tripping.
8:43 of 1st period - Stefan Matteau wins face-off versus Dmitrij Jaskin in Phantoms zone.
9:19 of 1st period - Snap shot by Jeremy Langlois.
9:19 of 1st period - Stopped by Marek Mazanec with a rebound.
9:21 of 1st period - Snap shot by Jeremy Langlois.
9:21 of 1st period - Stopped by Marek Mazanec with a rebound.
9:23 of 1st period - Wrist shot by Jeremy Langlois.
9:23 of 1st period - Shot Blocked by Brian Strait.
9:39 of 1st period - Ben Youds is hit by Chris Neil and loses puck.
10:00 of 1st period - Ben Street is hit by Stefan Matteau and loses puck.
10:24 of 1st period - Deryk Engelland is hit by Brett Sutter.
10:42 of 1st period - Penalty to Keegan Lowe is over, Keegan Lowe is back on ice.
11:46 of 1st period - Brian Strait is hit by FARM PLAYER12 and loses puck.
12:32 of 1st period - Martin Gernat is hit by Steve Oleksy and loses puck.
13:50 of 1st period - Chris Langkow is hit by Steve Oleksy and loses puck.
14:12 of 1st period - Slapshot by Jeremy Langlois.
14:12 of 1st period - Deflect By Kevin Henderson.
14:12 of 1st period - Shot Misses the Net.
14:12 of 1st period - Puck is out of play.
14:13 of 1st period - Brad Mills wins face-off versus Bryan Lerg in Phantoms zone.
14:14 of 1st period - Wrist shot by Jeremy Langlois.
14:14 of 1st period - Shot Misses the Net.
15:12 of 1st period - Slapshot by Ludwig Bystrom.
15:12 of 1st period - Shot Misses the Net.
15:38 of 1st period - Chris Langkow is hit by Stefan Matteau and loses puck.
15:55 of 1st period - Slapshot by Jeremy Langlois.
15:55 of 1st period - Deflect By Justin Florek.
15:55 of 1st period - Stopped by Marek Mazanec with a rebound.
16:03 of 1st period - Steve Oleksy is hit by Bryan Lerg.
16:38 of 1st period - Snap shot by Ben Street.
16:38 of 1st period - Shot Blocked by Chad LaRose.
16:40 of 1st period - Slapshot by Dmitrij Jaskin.
16:40 of 1st period - Shot Misses the Net.
18:02 of 1st period - Slapshot by Tyler Brown.
18:02 of 1st period - Stopped by Marek Mazanec without a rebound.
18:03 of 1st period - Chris Langkow wins face-off versus Tyler Brown in Phantoms zone.
18:44 of 1st period - Wrist shot by Chris Neil.
18:44 of 1st period - Stopped by John Gibson with a rebound.
18:46 of 1st period - Snap shot by Chris Neil.
18:46 of 1st period - Deflect By Byron Froese.
18:46 of 1st period - Shot Misses the Net.
18:46 of 1st period - Puck is out of play.
18:47 of 1st period - Byron Froese wins face-off versus Maxime Macenauer in Bears zone.
19:27 of 1st period - Snap shot by Luke Adam.
19:27 of 1st period - Stopped by Marek Mazanec with a rebound.
Goals for this period are 0 for Phantoms vs 0 for Bears.
Shots for this period are 2 for Phantoms vs 8 for Bears.

2nd period


0:01 of 2nd period - Luke Adam wins face-off versus Deryk Engelland in neutral zone.
0:16 of 2nd period - Brian Strait is hit by Stefan Matteau and loses puck.
0:23 of 2nd period - Snap shot by Luke Adam.
0:23 of 2nd period - Shot Misses the Net.
0:25 of 2nd period - Snap shot by Kyle Cumiskey.
0:25 of 2nd period - Shot Misses the Net.
0:27 of 2nd period - Snap shot by Chad LaRose.
0:27 of 2nd period - Shot Misses the Net.
0:29 of 2nd period - Backhand shot by Stefan Matteau.
0:29 of 2nd period - Shot Blocked by Brian Strait.
1:05 of 2nd period - Icing by Maxim Noreau.
1:06 of 2nd period - Brett Sutter wins face-off versus Tom Sestito in Bears zone.
1:06 of 2nd period - Brett Sutter is hit by Mark Louis.
1:16 of 2nd period - Greg Zanon is hit by Brett Sutter and loses puck.
1:22 of 2nd period - Justin Florek and Mark Louis fight to a draw.
1:22 of 2nd period - Penalty to Justin Florek for Fighting.
1:22 of 2nd period - Penalty to Mark Louis for Fighting.
1:23 of 2nd period - Ben Street wins face-off versus Luke Adam in Phantoms zone.
1:47 of 2nd period - Wrist shot by Stefan Matteau.
1:47 of 2nd period - Deflect By Luke Adam.
1:47 of 2nd period - Stopped by Marek Mazanec with a rebound.
1:49 of 2nd period - Slapshot by Ben Youds.
1:49 of 2nd period - Deflect By Luke Adam.
1:49 of 2nd period - Shot Misses the Net.
1:49 of 2nd period - Puck is out of play.
1:50 of 2nd period - Brett Sutter wins face-off versus Byron Froese in Phantoms zone.
2:21 of 2nd period - Wrist shot by Jeremy Langlois.
2:21 of 2nd period - Stopped by Marek Mazanec with a rebound.
2:27 of 2nd period - Minor Penalty to Greg Zanon for Interference.
2:28 of 2nd period - Dmitrij Jaskin wins face-off versus Luke Adam in Phantoms zone.
2:49 of 2nd period - Snap shot by Chris Neil.
2:49 of 2nd period - Stopped by John Gibson with a rebound.
2:51 of 2nd period - Slapshot by Bryan Allen.
2:51 of 2nd period - Shot Misses the Net.
2:53 of 2nd period - Slapshot by Brian Strait.
2:53 of 2nd period - Deflect By Dmitrij Jaskin.
2:53 of 2nd period - Deflect By Luke Adam.
2:53 of 2nd period - Shot Misses the Net.
2:53 of 2nd period - Puck is out of play.
2:54 of 2nd period - Brett Sutter wins face-off versus Dmitrij Jaskin in Bears zone.
3:01 of 2nd period - Bryan Allen is hit by Maxim Noreau and loses puck.
3:11 of 2nd period - Slapshot by Kyle Cumiskey.
3:11 of 2nd period - Deflect By Jeremy Langlois.
3:11 of 2nd period - Goal by Jeremy Langlois - Phantoms : 0 - Bears : 1.
3:12 of 2nd period - Bryan Lerg wins face-off versus Brett Sutter in neutral zone.
3:29 of 2nd period - Snap shot by Bryan Lerg.
3:29 of 2nd period - Stopped by John Gibson with a rebound.
3:40 of 2nd period - Off-side.
3:41 of 2nd period - Ben Street wins face-off versus Maxime Macenauer in neutral zone.
3:44 of 2nd period - Tyler Brown is hit by Deryk Engelland and loses puck.
4:00 of 2nd period - Minor Penalty to Maxime Macenauer for Holding.
4:01 of 2nd period - Chad LaRose wins face-off versus Ben Street in Bears zone.
5:30 of 2nd period - Slapshot by Ben Youds.
5:30 of 2nd period - Stopped by Marek Mazanec with a rebound.
5:32 of 2nd period - Wrist shot by Ben Youds.
5:32 of 2nd period - Deflect By Brian Strait.
5:32 of 2nd period - Stopped by Marek Mazanec with a rebound.
6:00 of 2nd period - Penalty to Maxime Macenauer is over, Maxime Macenauer is back on ice.
6:38 of 2nd period - Slapshot by Bryan Allen.
6:38 of 2nd period - Deflect By Bryan Lerg.
6:38 of 2nd period - Stopped by John Gibson without a rebound.
6:39 of 2nd period - Chris Langkow wins face-off versus Brett Sutter in Bears zone.
6:40 of 2nd period - Slapshot by Bryan Allen.
6:40 of 2nd period - Goal by Bryan Allen - Phantoms : 1 - Bears : 1.
6:41 of 2nd period - Brett Sutter wins face-off versus Bryan Lerg in neutral zone.
6:44 of 2nd period - Backhand shot by Jeremy Langlois.
6:44 of 2nd period - Stopped by Marek Mazanec with a rebound.
8:25 of 2nd period - Keegan Lowe is hit by Ludwig Bystrom and loses puck.
8:30 of 2nd period - Wrist shot by Luke Adam.
8:30 of 2nd period - Deflect By Bryan Allen.
8:30 of 2nd period - Stopped by Marek Mazanec with a rebound.
8:32 of 2nd period - Snap shot by Chad LaRose.
8:32 of 2nd period - Shot Misses the Net.
9:34 of 2nd period - Slapshot by Brian Strait.
9:34 of 2nd period - Shot Blocked by Maxim Noreau.
9:50 of 2nd period - Stefan Matteau is hit by Mark Louis and loses puck.
10:19 of 2nd period - Dmitrij Jaskin is hit by Kevin Henderson and loses puck.
10:27 of 2nd period - Off-side.
10:28 of 2nd period - Ben Street wins face-off versus Maxime Macenauer in neutral zone.
10:55 of 2nd period - Wrist shot by Stefan Matteau.
10:55 of 2nd period - Shot Blocked by Greg Zanon.
11:41 of 2nd period - Kevin Henderson is hit by Mitch Moroz and loses puck.
12:04 of 2nd period - Wrist shot by Bryan Lerg.
12:04 of 2nd period - Stopped by John Gibson with a rebound.
12:18 of 2nd period - Snap shot by Bryan Lerg.
12:18 of 2nd period - Shot Misses the Net.
12:38 of 2nd period - Slapshot by Tyler Brown.
12:38 of 2nd period - Shot Misses the Net.
12:40 of 2nd period - Wrist shot by Brett Sutter.
12:40 of 2nd period - Shot Blocked by Mark Louis.
12:56 of 2nd period - Snap shot by Justin Florek.
12:56 of 2nd period - Stopped by Marek Mazanec without a rebound.
12:57 of 2nd period - Ben Street wins face-off versus Justin Florek in Phantoms zone.
13:15 of 2nd period - Snap shot by Dmitrij Jaskin.
13:15 of 2nd period - Shot Blocked by Brad Mills.
13:17 of 2nd period - Slapshot by Deryk Engelland.
13:17 of 2nd period - Shot Blocked by Jeremy Langlois.
13:19 of 2nd period - Slapshot by Bryan Allen.
13:19 of 2nd period - Stopped by John Gibson without a rebound.
13:20 of 2nd period - Byron Froese wins face-off versus Maxime Macenauer in Bears zone.
13:39 of 2nd period - Slapshot by Maxime Macenauer.
13:39 of 2nd period - Stopped by Marek Mazanec without a rebound.
13:40 of 2nd period - Maxime Macenauer wins face-off versus Byron Froese in Phantoms zone.
13:59 of 2nd period - Garrett Wilson is hit by Tyler Brown and loses puck.
14:06 of 2nd period - Snap shot by Andreas Athanasiou.
14:06 of 2nd period - Shot Misses the Net.
14:44 of 2nd period - Minor Penalty to Cody Bass for Interference.
14:45 of 2nd period - Brett Sutter wins face-off versus Dmitrij Jaskin in Phantoms zone.
15:20 of 2nd period - Dmitrij Jaskin is hit by Luke Adam and loses puck.
15:27 of 2nd period - Backhand shot by Stefan Matteau.
15:27 of 2nd period - Stopped by Marek Mazanec without a rebound.
15:28 of 2nd period - Dmitrij Jaskin wins face-off versus Luke Adam in Phantoms zone.
15:50 of 2nd period - Off-side.
15:51 of 2nd period - Luke Adam wins face-off versus Chris Langkow in neutral zone.
16:32 of 2nd period - Luke Adam is hit by Garrett Wilson and loses puck.
16:43 of 2nd period - Chad LaRose is hit by Brian Strait and loses puck.
16:44 of 2nd period - Penalty to Cody Bass is over, Cody Bass is back on ice.
17:11 of 2nd period - Andreas Athanasiou is hit by Garrett Wilson and loses puck.
17:25 of 2nd period - Ludwig Bystrom is hit by Brian Strait and loses puck.
17:34 of 2nd period - Snap shot by Bryan Lerg.
17:34 of 2nd period - Shot Misses the Net.
17:36 of 2nd period - Wrist shot by Mark Louis.
17:36 of 2nd period - Shot Misses the Net.
17:38 of 2nd period - Snap shot by Greg Zanon.
17:38 of 2nd period - Deflect By Bryan Lerg.
17:38 of 2nd period - Shot Misses the Net.
17:38 of 2nd period - Puck is out of play.
17:39 of 2nd period - Maxime Macenauer wins face-off versus Bryan Lerg in Bears zone.
17:44 of 2nd period - Snap shot by Bryan Lerg.
17:44 of 2nd period - Shot Misses the Net.
17:56 of 2nd period - Maxime Macenauer is hit by Mark Louis and loses puck.
18:16 of 2nd period - Slapshot by Deryk Engelland.
18:16 of 2nd period - Shot Blocked by Maxim Noreau.
18:20 of 2nd period - Slapshot by Deryk Engelland.
18:20 of 2nd period - Stopped by John Gibson with a rebound.
18:22 of 2nd period - Slapshot by Deryk Engelland.
18:22 of 2nd period - Deflect By Justin Florek.
18:22 of 2nd period - Stopped by John Gibson with a rebound.
18:24 of 2nd period - Slapshot by Deryk Engelland.
18:24 of 2nd period - Shot Blocked by Maxim Noreau.
18:34 of 2nd period - Slapshot by Deryk Engelland.
18:34 of 2nd period - Deflect By Chris Langkow.
18:34 of 2nd period - Shot Misses the Net.
18:34 of 2nd period - Puck is out of play.
18:35 of 2nd period - Tyler Brown wins face-off versus Chris Neil in Bears zone.
19:44 of 2nd period - Minor Penalty to Brett Sutter for Holding.
19:45 of 2nd period - Chad LaRose wins face-off versus Ben Street in Bears zone.
Goals for this period are 1 for Phantoms vs 1 for Bears.
Shots for this period are 8 for Phantoms vs 10 for Bears.

3rd period


0:01 of 3rd period - Ben Street wins face-off versus Chad LaRose in neutral zone.
0:28 of 3rd period - Snap shot by Chad LaRose.
0:28 of 3rd period - Stopped by Marek Mazanec with a rebound.
0:34 of 3rd period - Backhand shot by Brian Strait.
0:34 of 3rd period - Shot Misses the Net.
0:36 of 3rd period - Slapshot by Dmitrij Jaskin.
0:36 of 3rd period - Shot Misses the Net.
1:01 of 3rd period - Ben Youds is hit by Chris Neil and loses puck.
1:28 of 3rd period - Ben Youds is hit by Ben Street and loses puck.
1:44 of 3rd period - Penalty to Brett Sutter is over, Brett Sutter is back on ice.
1:55 of 3rd period - Snap shot by Jeremy Langlois.
1:55 of 3rd period - Stopped by Marek Mazanec with a rebound.
1:57 of 3rd period - Slapshot by Ludwig Bystrom.
1:57 of 3rd period - Stopped by Marek Mazanec with a rebound.
2:07 of 3rd period - Wrist shot by Jeremy Langlois.
2:07 of 3rd period - Shot Blocked by Bryan Lerg.
2:13 of 3rd period - Wrist shot by Jeremy Langlois.
2:13 of 3rd period - Stopped by Marek Mazanec without a rebound.
2:14 of 3rd period - Tyler Brown wins face-off versus Chris Langkow in Phantoms zone.
2:21 of 3rd period - Slapshot by Brian Strait.
2:21 of 3rd period - Shot Misses the Net.
2:23 of 3rd period - Slapshot by Brian Strait.
2:23 of 3rd period - Shot Blocked by Tyler Brown.
2:35 of 3rd period - Snap shot by Chris Langkow.
2:35 of 3rd period - Shot Blocked by Maxim Noreau.
2:37 of 3rd period - Snap shot by Bryan Allen.
2:37 of 3rd period - Deflect By Mitch Moroz.
2:37 of 3rd period - Shot Misses the Net.
2:37 of 3rd period - Puck is out of play.
2:38 of 3rd period - Maxime Macenauer wins face-off versus Byron Froese in Bears zone.
2:47 of 3rd period - Slapshot by Chris Neil.
2:47 of 3rd period - Shot Hit the Post.
3:38 of 3rd period - Brett Sutter is hit by Tom Sestito and loses puck.
3:46 of 3rd period - Tom Sestito beats up Brett Sutter.
3:46 of 3rd period - Penalty to Brett Sutter for Fighting.
3:46 of 3rd period - Penalty to Tom Sestito for Fighting.
3:47 of 3rd period - Luke Adam wins face-off versus Ben Street in Bears zone.
3:53 of 3rd period - Off-side.
3:54 of 3rd period - Ben Street wins face-off versus Luke Adam in neutral zone.
4:04 of 3rd period - Deryk Engelland beats up Stefan Matteau.
4:04 of 3rd period - Penalty to Stefan Matteau for Fighting.
4:04 of 3rd period - Penalty to Deryk Engelland for Fighting.
4:05 of 3rd period - Luke Adam wins face-off versus Nathan Longpre in Bears zone.
4:05 of 3rd period - Luke Adam is hit by Brian Strait.
4:20 of 3rd period - Minor Penalty to Maxim Noreau for Tripping.
4:21 of 3rd period - Chad LaRose wins face-off versus Nathan Longpre in Bears zone.
4:29 of 3rd period - Slapshot by Brian Strait.
4:29 of 3rd period - Shot Blocked by Kyle Cumiskey.
4:31 of 3rd period - Slapshot by Brian Strait.
4:31 of 3rd period - Stopped by John Gibson with a rebound.
4:33 of 3rd period - Wrist shot by Ben Street.
4:33 of 3rd period - Stopped by John Gibson with a rebound.
4:35 of 3rd period - Wrist shot by Ben Street.
4:35 of 3rd period - Stopped by John Gibson without a rebound.
4:36 of 3rd period - Dmitrij Jaskin wins face-off versus Chad LaRose in Bears zone.
4:55 of 3rd period - Slapshot by Bryan Allen.
4:55 of 3rd period - Stopped by John Gibson with a rebound.
4:57 of 3rd period - Slapshot by Bryan Allen.
4:57 of 3rd period - Stopped by John Gibson with a rebound.
4:59 of 3rd period - Slapshot by Bryan Allen.
4:59 of 3rd period - Deflect By Andreas Athanasiou.
4:59 of 3rd period - Stopped by John Gibson with a rebound.
5:01 of 3rd period - Wrist shot by Bryan Allen.
5:01 of 3rd period - Stopped by John Gibson with a rebound.
5:19 of 3rd period - Slapshot by Brian Strait.
5:19 of 3rd period - Deflect By Byron Froese.
5:19 of 3rd period - Shot Misses the Net.
5:19 of 3rd period - Puck is out of play.
5:20 of 3rd period - Chad LaRose wins face-off versus Garrett Wilson in Bears zone.
5:39 of 3rd period - Wrist shot by Byron Froese.
5:39 of 3rd period - Shot Blocked by Ben Youds.
5:41 of 3rd period - Snap shot by Chris Neil.
5:41 of 3rd period - Goal by Chris Neil - Phantoms : 2 - Bears : 1.
5:42 of 3rd period - Tyler Brown wins face-off versus Ben Street in neutral zone.
5:52 of 3rd period - Snap shot by Dmitrij Jaskin.
5:52 of 3rd period - Stopped by John Gibson with a rebound.
6:10 of 3rd period - Jeremy Langlois is hit by Dmitrij Jaskin and loses puck.
6:40 of 3rd period - Minor Penalty to Steve Oleksy for Hooking.
6:41 of 3rd period - Byron Froese wins face-off versus Chad LaRose in Bears zone.
7:12 of 3rd period - Andreas Athanasiou is hit by Chris Neil and loses puck.
7:42 of 3rd period - Snap shot by Kevin Henderson.
7:42 of 3rd period - Stopped by Marek Mazanec without a rebound.
7:43 of 3rd period - Ben Street wins face-off versus Chad LaRose in Phantoms zone.
8:35 of 3rd period - Wrist shot by Dmitrij Jaskin.
8:35 of 3rd period - Shot Blocked by Maxim Noreau.
8:37 of 3rd period - Snap shot by Greg Zanon.
8:37 of 3rd period - Shot Misses the Net.
8:40 of 3rd period - Penalty to Steve Oleksy is over, Steve Oleksy is back on ice.
8:41 of 3rd period - Backhand shot by Dmitrij Jaskin.
8:41 of 3rd period - Stopped by John Gibson without a rebound.
8:42 of 3rd period - Tyler Brown wins face-off versus Ben Street in Bears zone.
9:48 of 3rd period - Slapshot by Brian Strait.
9:48 of 3rd period - Stopped by John Gibson with a rebound.
10:00 of 3rd period - Snap shot by Bryan Lerg.
10:00 of 3rd period - Shot Misses the Net.
10:25 of 3rd period - Luke Adam is hit by Chris Neil and loses puck.
11:16 of 3rd period - Brett Sutter is hit by Ben Street and loses puck.
11:33 of 3rd period - Ludwig Bystrom is hit by Cody Bass and loses puck.
12:06 of 3rd period - Slapshot by Brian Strait.
12:06 of 3rd period - Stopped by John Gibson with a rebound.
12:40 of 3rd period - Snap shot by Byron Froese.
12:40 of 3rd period - Shot Blocked by Justin Florek.
12:42 of 3rd period - Snap shot by Martin Gernat.
12:42 of 3rd period - Deflect By Justin Florek.
12:42 of 3rd period - Stopped by John Gibson with a rebound.
12:44 of 3rd period - Wrist shot by Byron Froese.
12:44 of 3rd period - Shot Misses the Net.
13:08 of 3rd period - Snap shot by Tyler Brown.
13:08 of 3rd period - Stopped by Marek Mazanec without a rebound.
13:09 of 3rd period - Ben Street wins face-off versus Tyler Brown in Phantoms zone.
13:32 of 3rd period - Bryan Allen is hit by Ben Youds and loses puck.
13:40 of 3rd period - Minor Penalty to Mitch Moroz for Diving.
13:41 of 3rd period - Luke Adam wins face-off versus Dmitrij Jaskin in Phantoms zone.
14:17 of 3rd period - Wrist shot by Justin Florek.
14:17 of 3rd period - Deflect By Jeremy Langlois.
14:17 of 3rd period - Stopped by Marek Mazanec with a rebound.
15:05 of 3rd period - Snap shot by Dmitrij Jaskin.
15:05 of 3rd period - Shot Misses the Net.
15:07 of 3rd period - Slapshot by Greg Zanon.
15:07 of 3rd period - Shot Misses the Net.
15:27 of 3rd period - Snap shot by Ben Street.
15:27 of 3rd period - Stopped by John Gibson with a rebound.
15:33 of 3rd period - Snap shot by Brian Strait.
15:33 of 3rd period - Stopped by John Gibson without a rebound.
15:34 of 3rd period - Chris Langkow wins face-off versus Luke Adam in Bears zone.
15:40 of 3rd period - Penalty to Mitch Moroz is over, Mitch Moroz is back on ice.
16:09 of 3rd period - Martin Gernat is hit by Brett Sutter and loses puck.
16:54 of 3rd period - Tom Sestito beats up Ludwig Bystrom.
16:54 of 3rd period - Penalty to Ludwig Bystrom for Fighting.
16:54 of 3rd period - Penalty to Tom Sestito for Fighting.
16:55 of 3rd period - Ben Street wins face-off versus Tyler Brown in Phantoms zone.
17:01 of 3rd period - Brian Strait is hit by Steve Oleksy and loses puck.
17:26 of 3rd period - Snap shot by Justin Florek.
17:26 of 3rd period - Shot Blocked by Ben Street.
17:28 of 3rd period - Slapshot by Maxime Macenauer.
17:28 of 3rd period - Shot Hit the Post.
17:30 of 3rd period - Snap shot by Justin Florek.
17:30 of 3rd period - Stopped by Marek Mazanec with a rebound.
17:58 of 3rd period - Snap shot by Mitch Moroz.
17:58 of 3rd period - Shot Blocked by Maxim Noreau.
18:00 of 3rd period - Slapshot by Martin Gernat.
18:00 of 3rd period - Stopped by John Gibson without a rebound.
18:01 of 3rd period - Bryan Lerg wins face-off versus Stefan Matteau in Bears zone.
18:10 of 3rd period - Snap shot by Bryan Lerg.
18:10 of 3rd period - Shot Misses the Net.
18:12 of 3rd period - Slapshot by Bryan Allen.
18:12 of 3rd period - Shot Misses the Net.
18:14 of 3rd period - Slapshot by Bryan Allen.
18:14 of 3rd period - Shot Misses the Net.
18:16 of 3rd period - Slapshot by Bryan Allen.
18:16 of 3rd period - Stopped by John Gibson with a rebound.
18:18 of 3rd period - Snap shot by Nathan Longpre.
18:18 of 3rd period - Stopped by John Gibson with a rebound.
18:20 of 3rd period - Backhand shot by Keegan Lowe.
18:20 of 3rd period - Shot Blocked by Maxim Noreau.
18:48 of 3rd period - Brett Sutter is hit by Garrett Wilson and loses puck.
18:59 of 3rd period - Wrist shot by Byron Froese.
18:59 of 3rd period - Stopped by John Gibson without a rebound.
19:00 of 3rd period - Brad Shaw call a timeout for Bears.
19:00 of 3rd period - Luke Adam wins face-off versus Ben Street in Bears zone.
19:14 of 3rd period - Icing by Chad LaRose.
19:15 of 3rd period - Luke Adam wins face-off versus Ben Street in Bears zone.
19:20 of 3rd period - Maxim Noreau is hit by Brian Strait.
19:37 of 3rd period - Slapshot by Dmitrij Jaskin.
19:37 of 3rd period - Shot Blocked by Kyle Cumiskey.
19:39 of 3rd period - Wrist shot by Nathan Longpre.
19:39 of 3rd period - Shot Misses the Net.
Goals for this period are 1 for Phantoms vs 0 for Bears.
Shots for this period are 19 for Phantoms vs 8 for Bears.